[Event "January 9 Late 2024"]
[Site "https://www.chess.com"]
[Date "2024.01.09"]
[Round "6"]
[White "Harrington, Steve"]
[Black "Szente Varga, Fruzsina"]
[Result "1-0"]
[Board "179"]
[TimeControl "180+1"]
[WhiteFideId "2038730"]
[BlackFideId "712264"]
[WhiteElo "2138"]
[BlackElo "2299"]
[WhiteTeam "USA"]
[BlackTeam "HUN"]
[WhiteClock "0:00:38"]
[BlackClock "0:00:17"]

1. e4 e6 2. d3 d5 3. f4 dxe4 4. Nc3 exd3 5. Bxd3 c5 6. Qe2 Nc6 7. Nf3 Be7 8. Be3 Nf6 9. O-O-O Qa5 10. Ne5 Nd4 11. Qf2 Nf5 12. Bb5+ Kf8 13. Bxc5 Qc7 14. Bxe7+ Nxe7 15. g4 a6 16. Bd3 b5 17. Ne4 Bb7 18. Ng5 Bxh1 19. Nexf7 Qc6 20. Nxh8 h6 21. Nh3 Be4 22. g5 Ng4 23. Qe2 Bf3 24. Qe1 Bxd1 25. Qxd1 Ne3 26. Qh5 N3f5 27. Qf7# 1-0

[Event "January 9 Late 2024"]
[Site "https://www.chess.com"]
[Date "2024.01.10"]
[Round "6"]
[White "Dahlgren, James Allen"]
[Black "Haack, Kevin"]
[Result "0-1"]
[Board "180"]
[TimeControl "180+1"]
[WhiteFideId "22256873"]
[BlackFideId "16228715"]
[WhiteElo "2116"]
[BlackElo "2288"]
[WhiteTeam "ESP"]
[BlackTeam "GER"]
[WhiteClock "0:00:00"]
[BlackClock "0:00:42"]

1. g3 d5 2. Bg2 e5 3. f4 exf4 4. gxf4 Qh4+ 5. Kf1 Qxf4+ 6. Nf3 Bd6 7. d3 Qf5 8. Nc3 Nf6 9. Bg5 Nbd7 10. Qd2 h6 11. e4 Qg4 12. Bxf6 gxf6 13. Nxd5 c6 14. Ne3 Qh5 15. Nf5 Bf8 16. d4 Nb6 17. Re1 Bxf5 18. exf5+ Kd7 19. Qd3 Bd6 20. c4 Bc7 21. d5 c5 22. Kf2 Rhg8 23. Rhg1 Rg4 24. b3 Rag8 25. Bh1 Bxh2 26. Rxg4 Rxg4 27. Qe3 Bg3+ 28. Ke2 Bxe1 0-1

[Event "January 9 Late 2024"]
[Site "https://www.chess.com"]
[Date "2024.01.09"]
[Round "6"]
[White "Coelho, Ramyres Santana"]
[Black "Ghosh, Chanchal Kumer"]
[Result "0-1"]
[Board "181"]
[TimeControl "180+1"]
[WhiteFideId "2120690"]
[BlackFideId "10201858"]
[WhiteElo "2266"]
[BlackElo "2111"]
[WhiteTeam "BRA"]
[BlackTeam "BAN"]
[WhiteClock "0:00:35"]
[BlackClock "0:01:07"]

1. e4 c5 2. Nf3 d6 3. d4 cxd4 4. Nxd4 Nf6 5. Nc3 a6 6. f3 e5 7. Nb3 Be7 8. Be3 Be6 9. Qd2 O-O 10. O-O-O Nbd7 11. g4 b5 12. g5 Nh5 13. Rg1 Qc7 14. Nd5 Bxd5 15. exd5 Nb6 16. Qa5 Rab8 17. Qxa6 Nc4 18. Rd3 Rfc8 19. Qc6 Qd8 20. Qa6 Nxe3 21. Rxe3 Bxg5 22. Rxg5 Qxg5 23. Kd2 Rxc2+ 24. Kxc2 Qxe3 25. Bxb5 Nf4 26. Qxd6 Rc8+ 27. Bc6 Qd3+ 28. Kc1 Ne2# 0-1

[Event "January 9 Late 2024"]
[Site "https://www.chess.com"]
[Date "2024.01.09"]
[Round "6"]
[White "Bazzano, Sebastian"]
[Black "Yushko, Olga"]
[Result "0-1"]
[Board "182"]
[TimeControl "180+1"]
[WhiteFideId "104566"]
[BlackFideId "14114500"]
[WhiteElo "2261"]
[BlackElo "2111"]
[WhiteTeam "ARG"]
[BlackTeam "UKR"]
[WhiteClock "0:01:20"]
[BlackClock "0:01:33"]

1. d4 e6 2. Bf4 Nf6 3. e3 d5 4. c3 c5 5. Nd2 Nc6 6. Ngf3 Bd6 7. Ne5 O-O 8. Bd3 cxd4 9. exd4 Bxe5 10. dxe5 Nd7 11. Qh5 g6 12. Qe2 d4 13. h4 dxc3 14. bxc3 Qa5 15. Rc1 Ndxe5 16. Bb1 Nd7 17. h5 e5 18. Bh6 Re8 19. hxg6 fxg6 20. Qc4+ Kh8 21. Qf7 Re7 22. Qg7+ Rxg7 0-1

[Event "January 9 Late 2024"]
[Site "https://www.chess.com"]
[Date "2024.01.09"]
[Round "6"]
[White "Dias, Joao Batista"]
[Black "Sami, Sama"]
[Result "1/2-1/2"]
[Board "183"]
[TimeControl "180+1"]
[WhiteFideId "2108240"]
[BlackFideId "4802926"]
[WhiteElo "2053"]
[BlackElo "2261"]
[WhiteTeam "BRA"]
[BlackTeam "IRQ"]
[WhiteClock "0:01:50"]
[BlackClock "0:00:36"]

1. e4 e5 2. Nf3 Nc6 3. d4 exd4 4. Nxd4 Nf6 5. Nxc6 bxc6 6. Bd3 Bc5 7. O-O O-O 8. h3 Bb6 9. a4 a5 10. Na3 Ba6 11. Qe2 Bxd3 12. Qxd3 Re8 13. Bg5 h6 14. Bxf6 Qxf6 15. Nc4 Qe6 16. Nxb6 cxb6 17. f3 Rad8 18. Rad1 d5 19. exd5 Rxd5 20. Qc3 Rc5 21. Qd3 Qe2 22. c3 Qxb2 23. Rb1 Qxc3 24. Qd7 Qe3+ 25. Kh1 Rc2 26. Rbe1 Qxe1 27. Rxe1 Rxe1+ 28. Kh2 Ree2 29. Kg3 Rxg2+ 30. Kf4 Rc4+ 31. Ke3 Rgc2 32. Qc8+ Kh7 33. Qf5+ Kg8 34. Qc8+ Kh7 35. Qf5+ Kg8 36. Qc8+ 1/2-1/2

[Event "January 9 Late 2024"]
[Site "https://www.chess.com"]
[Date "2024.01.09"]
[Round "6"]
[White "Panico, Nick"]
[Black "Romero Ruscalleda, Josep"]
[Result "1/2-1/2"]
[Board "184"]
[TimeControl "180+1"]
[WhiteFideId "2026724"]
[BlackFideId "2231859"]
[WhiteElo "2044"]
[BlackElo "2258"]
[WhiteTeam "USA"]
[BlackTeam "ESP"]
[WhiteClock "0:00:40"]
[BlackClock "0:00:40"]

1. d4 g6 2. Nf3 Bg7 3. Bf4 d6 4. e3 Nf6 5. Be2 Nh5 6. Bg5 h6 7. Bh4 O-O 8. c4 c5 9. Nc3 cxd4 10. exd4 Nf4 11. O-O Bg4 12. h3 Nxe2+ 13. Qxe2 Bxf3 14. Qxf3 Nc6 15. d5 Nd4 16. Qe4 Nf5 17. Rfe1 Re8 18. Rab1 Qb6 19. Ne2 Rac8 20. b3 Qa5 21. a4 a6 22. Ng3 Nxh4 23. Qxh4 b5 24. axb5 axb5 25. Rxe7 Qa2 26. Rbe1 Rxe7 27. Qxe7 Be5 28. cxb5 Qxb3 29. Ne4 Qxd5 30. Nf6+ Bxf6 31. Qxf6 Qxb5 32. Qxd6 Qb2 33. Qe5 Rc2 34. Qxb2 Rxb2 35. f3 Kg7 36. Rc1 g5 37. Kh2 Kg6 38. Rc6+ f6 39. Kg3 h5 40. Ra6 Rb3 41. Kh2 h4 42. Ra8 Rb2 43. Rg8+ Kf5 44. Ra8 Rb4 45. Ra5+ Kf4 46. Ra6 f5 47. Rd6 Rc4 48. Ra6 Rd4 49. Rb6 Ke3 50. Rb5 Kf4 51. Rb3 Ra4 52. Rb5 g4 53. fxg4 fxg4 54. hxg4 Kxg4 55. Rb8 Ra2 56. Rg8+ Kh5 57. Rh8+ Kg4 58. Rg8+ Kh5 59. Rh8+ Kg4 60. Rg8+ 1/2-1/2

[Event "January 9 Late 2024"]
[Site "https://www.chess.com"]
[Date "2024.01.09"]
[Round "6"]
[White "Harish, Neeraj"]
[Black "Fareh, Youness"]
[Result "1-0"]
[Board "185"]
[TimeControl "180+1"]
[WhiteFideId "30958130"]
[BlackFideId "9000526"]
[WhiteElo "2251"]
[BlackElo "2039"]
[WhiteTeam "USA"]
[BlackTeam "MAR"]
[WhiteClock "0:00:05"]
[BlackClock "0:00:07"]

1. e4 c5 2. Nf3 Nc6 3. d4 cxd4 4. Nxd4 Nf6 5. Nc3 e6 6. Ndb5 Bb4 7. a3 Bxc3+ 8. Nxc3 d5 9. Bd3 O-O 10. O-O h6 11. Bf4 e5 12. Bg3 d4 13. Ne2 Nh5 14. f4 Nxg3 15. hxg3 f6 16. Qd2 Qb6 17. b3 Be6 18. f5 Bf7 19. g4 Rfc8 20. Kf2 Rc7 21. Rh1 Ne7 22. Rh2 Qc5 23. Rah1 Kf8 24. Ng3 Qxa3 25. Nh5 Bxh5 26. Rxh5 Rac8 27. Rxh6 gxh6 28. Qxh6+ Ke8 29. Qxf6 Ng8 30. Rh8 Qf8 31. Qe6+ Kd8 32. Rxg8 Rxc2+ 33. Bxc2 Rxc2+ 34. Kg3 Qxg8 35. Qxg8+ Kc7 36. f6 d3 37. Qd5 d2 38. f7 Rc3+ 39. Kh4 Rc6 40. f8=Q Rd6 41. Qfxd6+ 1-0

[Event "January 9 Late 2024"]
[Site "https://www.chess.com"]
[Date "2024.01.09"]
[Round "6"]
[White "Rose, Felix"]
[Black "Oliveira, Tiago Batista"]
[Result "1-0"]
[Board "186"]
[TimeControl "180+1"]
[WhiteFideId "5105722"]
[BlackFideId "2108291"]
[WhiteElo "2245"]
[BlackElo "2032"]
[WhiteTeam "MEX"]
[BlackTeam "BRA"]
[WhiteClock "0:00:02"]
[BlackClock "0:00:00"]

1. e4 e5 2. Nf3 Nc6 3. d4 exd4 4. Nxd4 Nf6 5. Nxc6 bxc6 6. e5 Qe7 7. Qe2 Nd5 8. h4 d6 9. c4 Ba6 10. exd6 Qxe2+ 11. Bxe2 Nb4 12. d7+ Kxd7 13. Kd1 Rd8 14. a3 Kc8+ 15. Bd2 Nd3 16. Bxd3 Rxd3 17. Kc2 Bxc4 18. Nc3 Bc5 19. Ne4 Bb6 20. Bc3 f5 21. Nd2 Ba6 22. f3 Rhd8 23. Rhe1 g6 24. Re7 R3d7 25. Rae1 Bd3+ 26. Kc1 Bf2 27. Rxd7 Rxd7 28. Re8+ Kb7 29. h5 f4 30. hxg6 Bxg6 31. Ne4 Be3+ 32. Kc2 c5 33. Kb3 c6 34. Rf8 Bf7+ 35. Kc2 Bg6 36. Rf6 1-0

[Event "January 9 Late 2024"]
[Site "https://www.chess.com"]
[Date "2024.01.09"]
[Round "6"]
[White "Reinecke, Katharina"]
[Black "Rodriguez Dominguez, Melissa"]
[Result "0-1"]
[Board "187"]
[TimeControl "180+1"]
[WhiteFideId "12929727"]
[BlackFideId "3517560"]
[WhiteElo "2031"]
[BlackElo "2243"]
[WhiteTeam "GER"]
[BlackTeam "CUB"]
[WhiteClock "0:00:41"]
[BlackClock "0:00:39"]

1. d4 d5 2. c4 c6 3. Nf3 Nf6 4. g3 dxc4 5. Bg2 b5 6. O-O Bb7 7. a4 a6 8. Ne5 Qb6 9. b3 cxb3 10. e3 e6 11. Qxb3 Nbd7 12. Ba3 Bxa3 13. Nxa3 O-O 14. Nxd7 Nxd7 15. Rac1 Rac8 16. Rc2 c5 17. Bxb7 Qxb7 18. axb5 cxd4 19. Rxc8 Rxc8 20. exd4 Rb8 21. Rb1 e5 22. dxe5 Nxe5 23. b6 Nf3+ 24. Qxf3 Qxf3 25. Nc4 h6 26. Na5 Qf5 0-1

[Event "January 9 Late 2024"]
[Site "https://www.chess.com"]
[Date "2024.01.09"]
[Round "6"]
[White "Hernandez Jimenez, Alexander Andres"]
[Black "Burke, Paul"]
[Result "1-0"]
[Board "188"]
[TimeControl "180+1"]
[WhiteFideId "3900452"]
[BlackFideId "2605767"]
[WhiteElo "2239"]
[BlackElo "1883"]
[WhiteTeam "VEN"]
[BlackTeam "CAN"]
[WhiteClock "0:00:07"]
[BlackClock "0:00:02"]

1. e4 e5 2. Nf3 Nc6 3. Bc4 Be7 4. O-O Nf6 5. Re1 Nxe4 6. Rxe4 d5 7. Re1 dxc4 8. Nxe5 Nxe5 9. Rxe5 O-O 10. Nc3 Bd6 11. Re1 Qh4 12. g3 Qh3 13. d3 Bg4 14. f3 Bh5 15. Ne4 f5 16. Nxd6 cxd6 17. Bf4 Rfe8 18. Rxe8+ Rxe8 19. dxc4 Bf7 20. Qd3 Qh5 21. Bxd6 Qg6 22. c5 Qe6 23. Kf2 g5 24. f4 g4 25. Be5 Qh6 26. Kg1 Qc6 27. Re1 Bd5 28. Re2 Bf3 29. Rd2 Qxc5+ 30. Qd4 Qc6 31. Qd7 Qxd7 32. Rxd7 Rc8 33. c3 h5 34. Rg7+ Kf8 35. Rh7 Be4 36. Rh8+ 1-0

[Event "January 9 Late 2024"]
[Site "https://www.chess.com"]
[Date "2024.01.09"]
[Round "6"]
[White "Gulamirian, Korun"]
[Black "Gonzalez Vega, Alejandro"]
[Result "0-1"]
[Board "189"]
[TimeControl "180+1"]
[WhiteFideId "4144899"]
[BlackFideId "3510042"]
[WhiteElo "1637"]
[BlackElo "2232"]
[WhiteTeam "RUS"]
[BlackTeam "CUB"]
[WhiteClock "0:00:00"]
[BlackClock "0:01:45"]

1. e4 c5 2. Nf3 a6 3. d4 cxd4 4. Nxd4 Nf6 5. Nc3 e5 6. Nf5 d5 7. Bg5 d4 8. Nd5 Bxf5 9. Bxf6 gxf6 10. f3 Be6 11. Bc4 Nc6 12. O-O Rc8 13. a4 h5 14. c3 h4 15. h3 Bc5 16. b4 Ba7 17. Kh2 dxc3 18. b5 Nd4 19. Ba2 f5 20. b6 Bb8 21. Kh1 f4 22. Nc7+ Bxc7 23. bxc7 Rxc7 24. Bxe6 fxe6 25. a5 Rg8 26. Qa4+ Qd7 27. Qxd7+ Kxd7 28. Rac1 c2 29. Rf2 Rgc8 30. Kg1 Nb3 0-1

[Event "January 9 Late 2024"]
[Site "https://www.chess.com"]
[Date "2024.01.09"]
[Round "6"]
[White "Argandona Riveiro, Inigo"]
[Black "Bassan Noriega, Remo Enrique"]
[Result "1-0"]
[Board "190"]
[TimeControl "180+1"]
[WhiteFideId "2212072"]
[BlackFideId "3901564"]
[WhiteElo "2379"]
[BlackElo "2560"]
[WhiteTeam "ESP"]
[BlackTeam "VEN"]
[WhiteClock "0:00:51"]
[BlackClock "0:00:11"]

1. Nf3 Nf6 2. c4 c6 3. d4 d5 4. e3 g6 5. Be2 Bg7 6. O-O O-O 7. b3 Nbd7 8. Bb2 Ne4 9. Nbd2 Ndf6 10. Ne5 Nxd2 11. Qxd2 Ne4 12. Qc2 Bf5 13. Bd3 Rc8 14. f3 Nd6 15. c5 Bxd3 16. Qxd3 Nb5 17. a4 Nc7 18. b4 f6 19. Ng4 Qe8 20. f4 e6 21. Bc3 b5 22. axb5 Nxb5 23. Be1 Rf7 24. Bh4 Rb8 25. Ra6 h5 26. Nf2 Rfb7 27. Rfa1 Kh7 28. Bg3 f5 29. Bh4 Qd7 30. Nh3 Bh6 31. Bg5 Bg7 32. Bh4 Bh6 33. Bf6 Nc7 34. Rxa7 Rxa7 35. Rxa7 Rxb4 36. Be5 Kg8 37. Rxc7 Qd8 38. Ra7 Qh4 39. Nf2 Rb2 40. g3 Qd8 41. Qa6 Bf8 42. Qxc6 Rb1+ 43. Kg2 1-0

[Event "January 9 Late 2024"]
[Site "https://www.chess.com"]
[Date "2024.01.10"]
[Round "6"]
[White "Awoki, Daniel Teidi"]
[Black "Wang, Alexander J"]
[Result "1-0"]
[Board "191"]
[TimeControl "180+1"]
[WhiteFideId "2100827"]
[BlackFideId "30955270"]
[WhiteElo "2443"]
[BlackElo "2206"]
[WhiteTeam "BRA"]
[BlackTeam "USA"]
[WhiteClock "0:00:04"]
[BlackClock "0:00:04"]

1. e4 c5 2. Nf3 d6 3. d4 cxd4 4. Nxd4 Nf6 5. Nc3 g6 6. Be3 Bg7 7. f3 Nc6 8. Qd2 O-O 9. Bc4 Bd7 10. O-O-O Ne5 11. Bb3 Rc8 12. h4 h5 13. Bh6 Kh7 14. Bxg7 Kxg7 15. Kb1 a6 16. Qg5 Rc5 17. Nf5+ Bxf5 18. exf5 Nh7 19. Qg3 Nf6 20. fxg6 fxg6 21. Rhe1 Rxc3 22. bxc3 Qc7 23. Rxe5 dxe5 24. Re1 Qxc3 25. Rxe5 Qc7 26. Qe1 Re8 27. Qe2 b5 28. Rg5 Qd6 29. g4 e5 30. gxh5 Nxh5 31. Rg1 Nf4 32. Qe4 Qd4 33. Qb7+ Kh6 34. Re1 Qd2 35. Qe4 Qf2 36. Rh1 Qg2 37. Rd1 Qg3 38. Bf7 Qxh4 39. Bxe8 1-0

[Event "January 9 Late 2024"]
[Site "https://www.chess.com"]
[Date "2024.01.09"]
[Round "6"]
[White "Piscicelli, Daniel Orlando"]
[Black "Diaz Herquinio, Brahian"]
[Result "0-1"]
[Board "192"]
[TimeControl "180+1"]
[WhiteFideId "101958"]
[BlackFideId "3809480"]
[WhiteElo "2171"]
[BlackElo "2417"]
[WhiteTeam "ARG"]
[BlackTeam "PER"]
[WhiteClock "0:01:24"]
[BlackClock "0:01:48"]

1. e4 c5 2. Nc3 a6 3. d4 cxd4 4. Qxd4 Nc6 5. Qd2 e6 6. b3 Qc7 7. Bb2 Nf6 8. O-O-O b5 9. f3 Be7 10. h4 O-O 11. g4 d6 12. h5 Nd7 13. h6 g6 14. Nge2 Nc5 15. f4 b4 16. Nb1 a5 17. Bg2 a4 18. Nd4 axb3 19. axb3 Nxd4 20. Qxd4 Nxb3# 0-1

[Event "January 9 Late 2024"]
[Site "https://www.chess.com"]
[Date "2024.01.09"]
[Round "6"]
[White "Ambrogi, Agustin"]
[Black "Guzman Lozano, Campo Elias"]
[Result "1/2-1/2"]
[Board "193"]
[TimeControl "180+1"]
[WhiteFideId "170933"]
[BlackFideId "4403746"]
[WhiteElo "2391"]
[BlackElo "2160"]
[WhiteTeam "ARG"]
[BlackTeam "COL"]
[WhiteClock "0:02:45"]
[BlackClock "0:01:27"]

1. e4 c5 2. Nf3 Nc6 3. d4 cxd4 4. Nxd4 e5 5. Nb5 a6 6. Nd6+ Bxd6 7. Qxd6 Qe7 8. Qxe7+ Ngxe7 9. Nc3 d5 10. exd5 Nb4 11. Bd3 Nxd3+ 12. cxd3 Bf5 13. Ke2 Rd8 14. Be3 Nxd5 15. Nxd5 Rxd5 16. Rhd1 Kd7 17. d4 exd4 18. Bxd4 f6 19. Be3 Bg4+ 20. f3 Be6 21. Rxd5+ Bxd5 22. Rd1 Ke6 23. Rc1 Bc6 24. Rd1 Re8 25. Rd4 Re7 26. Kd2 Rd7 27. Kc3 Rxd4 28. Kxd4 h5 29. Kc5 h4 30. Kd4 h3 31. gxh3 Bxf3 32. h4 Bd5 33. a3 Bf3 34. h5 Bxh5 35. Bf4 g5 36. Bb8 f5 37. Ke3 f4+ 38. Kf2 Kf5 39. Bc7 g4 40. Bb8 Ke4 41. Bc7 Bf7 42. Bb8 Bd5 43. Bc7 Bc6 44. Bb8 Bd5 45. Bc7 Bc6 46. Bb8 Bd5 1/2-1/2

[Event "January 9 Late 2024"]
[Site "https://www.chess.com"]
[Date "2024.01.09"]
[Round "6"]
[White "Feliz Dotel, Dewar Bienvenido"]
[Black "Bregu, Riza"]
[Result "0-1"]
[Board "194"]
[TimeControl "180+1"]
[WhiteFideId "6402801"]
[BlackFideId "4701739"]
[WhiteElo "2151"]
[BlackElo "2379"]
[WhiteTeam "DOM"]
[BlackTeam "ALB"]
[WhiteClock "0:00:00"]
[BlackClock "0:00:37"]

1. Nf3 Nf6 2. c4 b6 3. g3 Bb7 4. Bg2 g5 5. h3 Bg7 6. d4 h6 7. d5 e6 8. Nc3 Qe7 9. O-O g4 10. hxg4 Nxg4 11. e4 h5 12. Bg5 Bf6 13. Qd2 Na6 14. a3 Nc5 15. Rad1 Nb3 16. Qf4 e5 17. Bxf6 exf4 18. Bxe7 Kxe7 19. gxf4 Rag8 20. Kh1 h4 21. Bh3 Ba6 22. Nb5 Na5 23. d6+ cxd6 24. Nxd6 Nxc4 25. Nf5+ Kd8 26. Bxg4 Rxg4 27. b3 Nb2 28. Rxd7+ Kxd7 29. Ne5+ Ke8 30. Nxg4 Bxf1 31. Nd6+ Kf8 32. Ne5 Nd3 33. Nd7+ Ke7 0-1

[Event "January 9 Late 2024"]
[Site "https://www.chess.com"]
[Date "2024.01.09"]
[Round "6"]
[White "Bhandari, Krish"]
[Black "Pein, Jonathan"]
[Result "0-1"]
[Board "195"]
[TimeControl "180+1"]
[WhiteFideId "30955106"]
[BlackFideId "417092"]
[WhiteElo "2117"]
[BlackElo "2318"]
[WhiteTeam "USA"]
[BlackTeam "ENG"]
[WhiteClock "0:00:02"]
[BlackClock "0:00:45"]

1. e4 e5 2. Bc4 Nf6 3. d3 Be7 4. Nc3 O-O 5. Nge2 Nc6 6. O-O Na5 7. Bb5 c6 8. Ba4 b5 9. Bb3 Nxb3 10. axb3 b4 11. Nb1 d5 12. f4 Qb6+ 13. d4 exd4 14. Kh1 Nxe4 15. Nxd4 Bc5 16. Be3 Bg4 17. Qd3 a5 18. Nd2 Rfe8 19. Rae1 Bc8 20. c4 bxc3 21. bxc3 Ba6 22. c4 Rad8 23. Nf5 dxc4 24. Bxc5 Qxc5 25. Qe2 Qxf5 26. Nxe4 cxb3 27. Qxa6 Rxe4 28. Rxe4 Qxe4 29. Qxa5 Qd5 30. Qc3 Qd3 31. Qxc6 0-1

[Event "January 9 Late 2024"]
[Site "https://www.chess.com"]
[Date "2024.01.09"]
[Round "6"]
[White "Zhukov, Maksim"]
[Black "Van Baar, Esper"]
[Result "1-0"]
[Board "196"]
[TimeControl "180+1"]
[WhiteFideId "34181790"]
[BlackFideId "1049321"]
[WhiteElo "2268"]
[BlackElo "2092"]
[WhiteTeam "RUS"]
[BlackTeam "NED"]
[WhiteClock "0:00:58"]
[BlackClock "0:00:00"]

1. e4 c6 2. Nf3 d5 3. d3 dxe4 4. dxe4 Qxd1+ 5. Kxd1 Nf6 6. Nc3 Bg4 7. Be2 Nbd7 8. Be3 e5 9. Nd2 Bxe2+ 10. Kxe2 Bc5 11. Nc4 Ke7 12. f3 Bxe3 13. Nxe3 g6 14. a4 Nc5 15. Rhd1 Rhd8 16. Nc4 Nfd7 17. b4 Ne6 18. Ke3 f6 19. Ne2 Nb6 20. Rxd8 Nxc4+ 21. Kd3 Nb2+ 22. Kc3 Rxd8 23. Kxb2 Rd2 24. Re1 Nd4 25. Nxd4 Rxd4 26. Kc3 Ke6 27. Re2 a5 28. bxa5 Rxa4 29. Re1 Rxa5 30. Rb1 b5 31. Rb2 Ra4 32. Kd3 Rd4+ 33. Ke3 f5 34. c3 Rc4 35. Kd3 Kd6 36. Ra2 fxe4+ 37. fxe4 Ra4 38. Rf2 Ra3 39. Rb2 Kc5 40. h4 h5 41. Kd2 Kc4 42. Rb4+ Kc5 43. Rb2 Kb6 44. Kd3 c5 45. Kc2 Ra4 46. Kd3 b4 47. cxb4 Rxb4 48. Rf2 Rd4+ 49. Ke3 Rd6 50. Rb2+ Kc6 51. Rc2 Kb5 52. Rb2+ Kc4 53. Rb1 Rd3+ 54. Ke2 Kd4 55. Rb6 Rg3 56. Kf2 c4 57. Kxg3 Kxe4 58. Rxg6 c3 59. Rc6 Kd3 60. Kf2 1-0

[Event "January 9 Late 2024"]
[Site "https://www.chess.com"]
[Date "2024.01.09"]
[Round "6"]
[White "Winkels, Marcel"]
[Black "Veloso, Henrique Barbosa"]
[Result "1-0"]
[Board "197"]
[TimeControl "180+1"]
[WhiteFideId "1003887"]
[BlackFideId "22784853"]
[WhiteElo "1993"]
[BlackElo "2250"]
[WhiteTeam "NED"]
[BlackTeam "BRA"]
[WhiteClock "0:00:03"]
[BlackClock "0:00:00"]

1. e4 e5 2. Nf3 Nc6 3. d4 exd4 4. Bc4 Bb4+ 5. c3 dxc3 6. Nxc3 Nf6 7. e5 Ne4 8. Bxf7+ Kxf7 9. Qd5+ Kf8 10. Qxe4 Bxc3+ 11. bxc3 h6 12. Qd5 Qe7 13. a4 d6 14. O-O Be6 15. Qe4 d5 16. Qe2 Qf7 17. Nd4 Kg8 18. f4 Nxd4 19. cxd4 Bf5 20. g4 Be4 21. f5 Kh7 22. Bf4 c6 23. e6 Qf6 24. Be5 Qg5 25. f6 gxf6 26. Bxf6 Qg6 27. Bxh8 Kxh8 28. e7 Kg7 29. Rf4 Re8 30. Qf2 Rxe7 31. Rf1 Bd3 32. Re1 Be4 33. Qg3 Qg5 34. Ref1 Bg6 35. h3 Re2 36. R4f2 Re3 37. Qc7+ Re7 38. Qf4 Qxf4 39. Rxf4 Re3 40. R4f3 Re2 41. R1f2 Re1+ 42. Kh2 Ra1 43. Re3 Rxa4 44. Re7+ Kg8 45. Rxb7 Rxd4 46. Re2 Re4 47. Rxe4 Bxe4 48. Rxa7 c5 49. Rc7 c4 50. Kg3 Bg6 51. Kf4 1-0

[Event "January 9 Late 2024"]
[Site "https://www.chess.com"]
[Date "2024.01.09"]
[Round "6"]
[White "Smirnov, Timofey"]
[Black "Garcia Correa, Jose Ricardo"]
[Result "1-0"]
[Board "198"]
[TimeControl "180+1"]
[WhiteFideId "24176427"]
[BlackFideId "5101832"]
[WhiteElo "1982"]
[BlackElo "2209"]
[WhiteTeam "RUS"]
[BlackTeam "MEX"]
[WhiteClock "0:01:25"]
[BlackClock "0:02:17"]

1. e4 e5 2. Nf3 Nc6 3. Bc4 Bc5 4. b4 Bxb4 5. c3 Ba5 6. d4 exd4 7. O-O dxc3 8. Qb3 Qf6 9. Bg5 Qg6 10. Nxc3 Nge7 11. Nd5 Nd4 12. Nxd4 Qxg5 13. Nf3 Qf4 14. Nxf4 1-0

[Event "January 9 Late 2024"]
[Site "https://www.chess.com"]
[Date "2024.01.09"]
[Round "7"]
[White "Firouzja, Alireza"]
[Black "Nepomniachtchi, Ian"]
[Result "1/2-1/2"]
[Board "1"]
[TimeControl "180+1"]
[WhiteFideId "12573981"]
[BlackFideId "4168119"]
[WhiteElo "3169"]
[BlackElo "3136"]
[WhiteTeam "FRA"]
[BlackTeam "RUS"]
[WhiteClock "0:00:34"]
[BlackClock "0:02:29"]

1. e3 e5 2. c4 Nf6 3. Nc3 Nc6 4. a3 d5 5. cxd5 Nxd5 6. Qc2 Nxc3 7. dxc3 Bd6 8. Nf3 O-O 9. Bc4 Qf6 10. e4 Be6 11. Bg5 Qg6 12. Bxe6 Qxe6 13. O-O h6 14. Be3 Rfd8 15. b4 Ne7 16. c4 c6 17. c5 Bc7 18. g3 Rd7 19. Kg2 Rad8 20. Rfd1 a6 21. Rxd7 Qxd7 22. Nd2 Ng6 23. Nf3 Nf8 24. Qc3 Qg4 25. Qc4 Qd7 26. Ra2 Qe6 27. Qxe6 Nxe6 28. Rd2 Rxd2 29. Nxd2 h5 30. Nc4 f6 31. Kf3 Kf7 32. Ke2 g6 33. f3 Ke7 34. Nb2 Kd7 35. Nd3 Ke7 36. h4 Kf7 37. f4 exf4 38. gxf4 f5 39. e5 Bd8 40. Bf2 Nc7 41. Nb2 Nd5 42. Kf3 Ke6 43. Nc4 Bc7 44. Be1 Ne7 45. Ne3 Nd5 46. Nc4 Ne7 47. Ne3 Nd5 48. Nc4 1/2-1/2

[Event "January 9 Late 2024"]
[Site "https://www.chess.com"]
[Date "2024.01.09"]
[Round "7"]
[White "Dubov, Daniil"]
[Black "Van Foreest, Jorden"]
[Result "1-0"]
[Board "2"]
[TimeControl "180+1"]
[WhiteFideId "24126055"]
[BlackFideId "1039784"]
[WhiteElo "3128"]
[BlackElo "3044"]
[WhiteTeam "RUS"]
[BlackTeam "NED"]
[WhiteClock "0:00:08"]
[BlackClock "0:00:00"]

1. d4 d5 2. Nf3 Nf6 3. Bf4 c5 4. e3 Nc6 5. Nbd2 cxd4 6. exd4 a6 7. Bd3 Bg4 8. c3 e6 9. Qb3 Bd6 10. Bxd6 Qxd6 11. O-O O-O 12. a4 g6 13. Rfe1 Bf5 14. Bf1 Qc7 15. Qa3 Kg7 16. a5 Ne4 17. Nxe4 Bxe4 18. Nd2 Bf5 19. Nb3 h5 20. Nc5 h4 21. h3 Rab8 22. b4 Rfe8 23. Qc1 e5 24. dxe5 Rxe5 25. Qf4 Rxe1 26. Qxc7 Rxa1 27. Nxb7 Re8 28. Nd6 Ree1 29. Qxf7+ Kh6 30. Nxf5+ gxf5 31. Qf6+ Kh7 32. Qxf5+ Kg7 33. Qg5+ Kf8 34. Qxh4 Rxf1+ 35. Kh2 Ke8 36. Qh5+ Kd7 37. Qxd5+ Kc7 38. Qf7+ Kd6 39. c4 Rh1+ 40. Kg3 Rhb1 41. c5+ Ke5 42. Qf4+ Kd5 43. Qd6+ Kc4 44. Qxc6 Rb3+ 45. f3 Rxb4 46. Qxa6+ Rb5 47. Qe6+ Kb4 48. c6 Rg5+ 49. Kh4 Rc5 50. g4 Raxa5 51. f4 Kb5 52. g5 Rxc6 53. Qe2+ Kb6 54. Kg4 Kc7 55. Qe7+ Kc8 56. h4 Rc1 57. Qe6+ Kc7 58. Qe7+ Kc8 59. Qe3 1-0

[Event "January 9 Late 2024"]
[Site "https://www.chess.com"]
[Date "2024.01.09"]
[Round "7"]
[White "Aronian, Levon"]
[Black "Xiong, Jeffery"]
[Result "1/2-1/2"]
[Board "3"]
[TimeControl "180+1"]
[WhiteFideId "13300474"]
[BlackFideId "2047640"]
[WhiteElo "3115"]
[BlackElo "3024"]
[WhiteTeam "USA"]
[BlackTeam "USA"]
[WhiteClock "0:00:28"]
[BlackClock "0:00:19"]

1. e4 c5 2. Nf3 d6 3. c3 Nf6 4. Be2 Nbd7 5. d3 g6 6. O-O Bg7 7. Be3 O-O 8. Nbd2 b6 9. d4 Bb7 10. Bd3 e5 11. d5 Nh5 12. Re1 h6 13. a4 f5 14. exf5 gxf5 15. Ng5 hxg5 16. Qxh5 Nf6 17. Qxg5 Nxd5 18. Qh5 Nxe3 19. Rxe3 e4 20. Bf1 d5 21. Rg3 Qe7 22. a5 Bc6 23. axb6 axb6 24. Rxa8 Bxa8 25. Nc4 Qe6 26. Ne3 f4 27. Rg6 Rf6 28. Rxf6 Bxf6 29. Qg6+ Kf8 30. Qh6+ Ke7 31. Qxf4 Be5 32. Qh4+ Qf6 33. Qh5 Qh8 34. Nf5+ Kf8 35. Qxh8+ Bxh8 36. f3 exf3 37. gxf3 d4 38. cxd4 Bxf3 39. dxc5 Be4 40. Ne3 Bxb2 41. cxb6 Bd4 42. Kf2 Bxb6 43. Bg2 Bxg2 44. Kxg2 Bxe3 45. h4 Kg7 46. h5 Kh6 47. Kf3 Bf4 48. Kxf4 Kxh5 1/2-1/2

[Event "January 9 Late 2024"]
[Site "https://www.chess.com"]
[Date "2024.01.09"]
[Round "7"]
[White "Andreikin, Dmitry"]
[Black "Alekseenko, Kirill"]
[Result "1/2-1/2"]
[Board "4"]
[TimeControl "180+1"]
[WhiteFideId "4158814"]
[BlackFideId "4135539"]
[WhiteElo "3105"]
[BlackElo "2945"]
[WhiteTeam "FID"]
[BlackTeam "AUT"]
[WhiteClock "0:00:10"]
[BlackClock "0:00:42"]

1. e4 e5 2. Nf3 Nc6 3. Bb5 a6 4. Ba4 d6 5. c3 Bd7 6. d4 Nge7 7. O-O Ng6 8. Re1 Be7 9. Nbd2 O-O 10. Nf1 exd4 11. cxd4 Bg4 12. Bxc6 bxc6 13. Ne3 Bd7 14. b3 f5 15. exf5 Bxf5 16. Nxf5 Rxf5 17. Qd3 Qd7 18. Bd2 Raf8 19. Qe4 Rd5 20. Rac1 Bf6 21. g3 Ne7 22. Qe6+ Qxe6 23. Rxe6 Nf5 24. Rxc6 Nxd4 25. Nxd4 Bxd4 26. Be3 Bxe3 27. Rxe3 Rd1+ 28. Kg2 Rd2 29. Rf3 Rxa2 30. Rxc7 Rxf3 31. Kxf3 Ra3 32. Rb7 a5 33. Ke4 a4 34. bxa4 Rxa4+ 35. Kf5 Ra2 36. Rb8+ Kf7 37. Rb7+ Kg8 38. f4 Rxh2 39. Rb8+ Kf7 40. Rb7+ Kg8 41. Rb8+ Kf7 42. Rb7+ Kg8 1/2-1/2